 Dungeon Crawl Stone Soup version 0.31-a0-214-gb37851dbb3 (webtiles) character file.

Game seed: 899482347204390433

24 qw the Shooter (level 3, 0/21 HPs)
             Began as a Gargoyle Hexslinger on July 1, 2023.
             Slain by a worm (6 damage)
             ... on level 2 of the Dungeon.
             The game lasted 00:00:19 (1011 turns).

qw the Shooter (Gargoyle Hexslinger)                Turns: 1011, Time: 00:00:20

Health: 0/21       AC:  9    Str: 11    XL:     3   Next: 2%
Magic:  4/4        EV: 10    Int: 13    God:
Gold:   62         SH:  0    Dex: 14    Spells: 3/4 levels left

rFire   . . .        Y - +1 sling
rCold   . . .        (no shield)
rNeg    + . .        f - +0 ring mail
rPois   inf          e - +1 hat
rElec   +            (no cloak)
rCorr   .            (no gloves)
SInv    .            (no boots)
Will    .....        (no amulet)
Stlth   +            (no ring)
HPRegen 0.23/turn    (no ring)
MPRegen 0.09/turn

%: no passive effects
@: no status effects
A: sickness immunity, AC +3, negative energy resistance 1, electricity
resistance, torment resistance 1, petrification resistance
a: no special abilities


You were on level 2 of the Dungeon.
You visited 1 branch of the dungeon, and saw 2 of its levels.

You collected 62 gold pieces.


Innate Abilities, Weirdness & Mutations

You are immune to sickness and miasma.
Your stone body is resilient. (AC +3)
You are immune to poison.
You resist negative energy. (rN+)
You are resistant to electric shocks. (rElec)
You are resistant to unholy torment.
You are immune to petrification.


   Skills:
 - Level 2.0 Fighting
 + Level 3.0 Ranged Weapons
 - Level 1.5 Dodging
 - Level 1.0 Spellcasting
 - Level 2.6 Hexes


You had 3 spell levels left.
You knew the following spells:

 Your Spells              Type           Power      Damage    Failure   Level
a - Slow                  Hex            28%        N/A       22%         1

Your spell library contained the following spells:

 Spells                   Type           Power      Damage    Failure   Level
 Inner Flame              Hex/Fire       4%         N/A       75%         3
 Portal Projectile        Hex/Tloc       8%         N/A       75%         3
 Cause Fear               Hex            3%         N/A       92%         4

Inventory:

Hand Weapons
 Y - a +1 sling (weapon)
Armour
 e - a +1 hat (worn)
 f - a +0 ring mail (worn)
Potions
 d - a potion of might {unknown}

Dungeon Overview and Level Annotations

Branches:
Dungeon (2/15)

Altars:


Message History

Found a dagger.
There is a stone staircase leading up here.
Waypoint 1 assigned to D:2.
A ball python comes into view.
You shoot a sling bullet. The sling bullet hits the ball python.
You kill the ball python!
Your Fighting skill increases to level 2!
You have reached level 3!
Your experience leads to an increase in your attributes!
Increase (S)trength, (I)ntelligence, or (D)exterity?
You feel agile. x2
You now have 35 gold pieces (gained 3).
You now have 48 gold pieces (gained 13).
Found a stone staircase leading down.
You now have 62 gold pieces (gained 14).
Found 5 stones.
A worm comes into view.
You shoot a sling bullet.
The sling bullet completely misses the worm.
You shoot a sling bullet. The sling bullet hits the worm.
The worm is lightly wounded.
You shoot a sling bullet. The sling bullet hits the worm.
The worm is moderately wounded.
You shoot a sling bullet. The sling bullet hits the worm.
The worm is moderately wounded.
You shoot a sling bullet. The sling bullet hits the worm!
The worm is severely wounded.
You shoot a sling bullet.
The sling bullet barely misses the worm.
You shoot a sling bullet.
The sling bullet barely misses the worm.
The worm bites you.
You shoot a sling bullet.
The sling bullet hits the worm but does no damage.
The worm is heavily wounded.
The worm bites you!
You shoot a sling bullet.
The sling bullet barely misses the worm.
The worm bites you.
You die...

.#.# #...#### .
...####.....## .......
.........##..### .......
...........#...##>......
........................
........###.##..........
........# #...##........
######### ###.##........
# #...@....... #
####w....... #.#..(..#
#.......# .........
......... .........
..........


You could see a worm.

Vanquished Creatures
  2 ball pythons
  2 endoplasms (D:1)
  2 giant cockroaches (D:1)
  2 goblins (D:1)
  3 hobgoblins (D:1)
  2 jackals (D:1)
  A quokka (D:1)
  2 bats (D:1)
  2 frilled lizards (D:1)
  3 rats (D:1)
21 creatures vanquished.

Notes
Turn   | Place    | Note
-------+----------+-------------------------------------------
     0 | D:1      | qw the Gargoyle Hexslinger began the quest for the Orb.
     0 | D:1      | Reached XP level 1. HP: 12/12 MP: 2/2
     0 | D:1      | 0 ||| qw: Version: 0.3-a-32-g5962c71
     0 | D:1      | 0 ||| qw: Game counter: 7611
     0 | D:1      | 0 ||| qw: Melee chars always use a shield: true
     0 | D:1      | 0 ||| qw: God list: Okawaru
     0 | D:1      | 0 ||| qw: Allow faded altars: false
     0 | D:1      | 0 ||| qw: Do Orc after clearing Dungeon:15 true
     0 | D:1      | 0 ||| qw: Do second Lair branch before Depths: true
     0 | D:1      | 0 ||| qw: Lair rune preference: random
     0 | D:1      | 0 ||| qw: Goals: Normal
     0 | D:1      | 0 ||| PLANNING D:1-11
   154 | D:1      | Reached XP level 2. HP: 8/16 MP: 3/3
   242 | D:1      | 242 ||| FLEEEEING.
   243 | D:1      | 243 ||| FLEEEEING.
   244 | D:1      | 244 ||| FLEEEEING.
   246 | D:1      | 246 ||| FLEEEEING.
   247 | D:1      | 247 ||| FLEEEEING.
   248 | D:1      | 248 ||| FLEEEEING.
   312 | D:1      | Reached skill level 3 in Ranged Weapons
   931 | D:1      | 931 ||| UPGRADING to +1 hat.
   936 | D:1      | 936 ||| UPGRADING to +0 ring mail.
   946 | D:1      | 946 ||| DROPPING +0 robe.
   947 | D:1      | 947 ||| READING scroll labelled ESTIMY MORAMU.
   948 | D:1      | 948 ||| READING scroll labelled GUTEWN IGUDGHIGO.
   952 | D:1      | 952 ||| DROPPING scroll of poison.
   983 | D:2      | Reached XP level 3. HP: 21/21 MP: 4/4
  1011 | D:2      | Slain by a worm

Levels and vault maps discovered:
D:1:      minmay_arrival_semitransparent, layout_basic, nrook_uturn,
          chequers_jeans
D:2:      layout_rooms, basic_altar

Skill      XL: |  1  2 |
---------------+-------+-----
Ranged Weapons | 3 |  3.0
Fighting       | 2 |  2.0
Dodging        | |  1.5
Spellcasting   | |  1.0
Hexes          | |  2.6

Action                     || total
---------------------------++-------
   Fire: Sling             ||    77
    Use: Scroll            ||     2
 Armour: Robe              ||     8
  Dodge: Dodged            ||    26

Table legend:
 A = Non-vault XP
 B = Vault XP
 C = Vault XP percentage of total XP
 D = Non-vault monster count
 E = Vault monster count
 F = Vault count percentage of total count
                 A         B        C        D         E       F
            +---------+---------+-------+---------+---------+-------
      Total |      35 |       0 |   0.0 |      21 |       0 |   0.0
            +---------+---------+-------+---------+---------+-------
        D:1 |      33 |       0 |   0.0 |      20 |       0 |   0.0
        D:2 |       2 |       0 |   0.0 |       1 |       0 |   0.0
            +---------+---------+-------+---------+---------+-------
